Map: Blackburn LE

Players

MarineLorD

  • Race: Terran Terran
  • League: Master

Serral - Winner!

  • Race: Zerg Zerg

Event: DreamHack SC2 Masters 2021 Fall

VOD

Have the link to the VOD?

Description

Time

  • Played on: July 30, 2021, 2:01 p.m.
  • Length: 12:13

All games in this series

Show
View Real Time Build Order
Export as new Build Order

MarineLorD Terran 

Build Orders:  

Get SALT Encoding   

  12  0:00  SCV  
  13  0:12  SCV  
  14  0:17  Supply Depot  
  14  0:24  SCV  
  15  0:39  Barracks  
  15  0:50  Barracks  
  15  0:54  SCV  
  16  1:03  Refinery  
  16  1:06  SCV  
  17  1:18  SCV  
  18  1:25  Marine  
  18  1:30  Orbital Command  
  19  1:37  Marine  
  19  1:38  Supply Depot  
  20  1:43  Marine  
  21  1:52  Bunker  
  21  1:58  Marine  
  22  2:03  Marine  
  23  2:11  Factory  
  23  2:18  Marine, Bunker  
  24  2:23  Marine  
  24  2:25  SCV  
  26  2:31  Bunker  
  26  2:37  Marine, SCV  
  28  2:49  SCV  
  27  2:52  Marine  
  27  2:54  Factory Tech Lab  
  28  2:58  Marine  
  28  3:01  SCV  
  27  3:13  SCV  
  26  3:21  Cyclone  
  29  3:30  Command Center  
  29  3:32  Supply Depot  
  29  3:33  SCV  
  30  3:45  SCV  
  29  3:54  Cyclone  
  32  3:57  SCV  
  33  4:09  SCV  
  33  4:14  Command Center  
  33  4:15  Refinery  
  31  4:21  SCV  
  32  4:33  SCV  
  32  4:35  Factory Reactor  
  33  4:46  SCV  
  33  4:47  Barracks  
  33  4:48  Orbital Command  
  33  4:49  Barracks  
  33  4:51  Marine  
  35  4:56  Stimpack  
  35  4:58  SCV  
  36  5:09  Marine  
  36  5:11  SCV  
  36  5:12  Orbital Command  
  38  5:19  Factory Reactor  
  38  5:23  SCV  
  38  5:27  Marine, Orbital Command  
  40  5:35  SCV  
  41  5:37  Barracks Reactor  
  41  5:39  Starport  
  41  5:40  SCV  
  42  5:45  Marine x2  
  42  5:47  SCV  
  42  5:48  Marine  
  46  5:52  SCV  
  47  5:58  Hellion x2  
  47  5:59  SCV x2  
  53  6:04  SCV  
  53  6:09  Supply Depot  
  55  6:11  SCV  
  55  6:12  Marine x3  
  55  6:16  SCV  
  60  6:23  SCV  
  60  6:25  Refinery  
  60  6:26  Refinery  
  60  6:28  SCV, Engineering Bay, Factory Tech Lab  
  60  6:30  Engineering Bay  
  60  6:31  Marine x4, Orbital Command  
  60  6:32  Supply Depot  
  65  6:35  Combat Shield  
  65  6:38  SCV  
  66  6:40  SCV  
  66  6:44  Medivac x2  
  66  6:46  Marine  
  72  6:49  Siege Tank  
  72  6:50  SCV  
  72  6:52  SCV  
  77  6:56  Terran Infantry Weapons Level 1  
  77  6:59  SCV  
  78  7:02  Terran Infantry Armor Level 1, SCV  
  78  7:04  Marine  
  78  7:05  Marine x3, SCV  
  84  7:11  SCV  
  85  7:18  Supply Depot  
  85  7:19  Supply Depot  
  85  7:25  Barracks  
  85  7:27  Barracks  
  85  7:28  Marine x2, SCV x2, Siege Tank  
  92  7:30  SCV  
  93  7:39  Marine x3, Medivac  
  93  7:40  SCV  
  93  7:43  SCV, Medivac  
  102  7:46  Marine x2, SCV  
  99  7:52  SCV  
  99  7:55  SCV  
  99  7:57  Marine x3  
  99  7:58  SCV  
  105  8:01  Siege Tank  
  105  8:04  Marine  
  109  8:06  SCV  
  109  8:08  SCV  
  109  8:11  Supply Depot  
  109  8:12  Marine  
  109  8:13  Supply Depot, Concussive Shells, SCV  
  109  8:14  Marine x2, Medivac x2  
  109  8:15  Barracks Tech Lab x2  
  117  8:20  Refinery x2  
  117  8:25  Supply Depot  
  117  8:26  Supply Depot  
  117  8:27  SCV  
  117  8:32  Marine x2, SCV x2  
  121  8:34  Marine x2  
  121  8:36  Marauder  
  121  8:39  SCV, Marauder  
  128  8:44  SCV x2  
  125  8:50  Marauder  
  125  8:53  Armory  
  127  8:56  Supply Depot, SCV  
  127  9:01  Factory  
  127  9:02  Marine, Marauder x2  
  133  9:05  Marine x2  
  133  9:08  Marine  
  136  9:13  Medivac x2  
  136  9:16  Marauder  
  138  9:18  SCV x2  
  138  9:19  Marine  
  138  9:23  Marauder  
  133  9:26  Marine  
  133  9:27  Marauder  
  133  9:29  SCV  
  133  9:30  SCV  
  137  9:39  Siege Tank  
  137  9:45  SCV x2  
  140  9:47  Factory Tech Lab  
  140  9:52  Command Center  
  140  9:55  SCV  
  140  9:57  SCV x2  
  143  10:07  Terran Vehicle Weapons Level 1  
  143  10:13  Marine x3, Marauder  
  145  10:17  Marine  
  142  10:28  Marauder x2  
  145  10:30  Liberator  
  145  10:33  Liberator  
  146  10:41  Marine  
  146  10:42  Marauder  
  149  10:44  SCV x2  
  149  10:49  Supply Depot  
  151  10:51  Supply Depot  
  151  10:52  Supply Depot x2  
  151  11:02  Ghost Academy  
  151  11:04  Marine  
  151  11:10  Marine x2, Marauder  
  150  11:13  SCV x2  
  150  11:15  SCV  
  140  11:18  Marine  
  141  11:25  SCV  
  141  11:27  SCV x2  
  144  11:38  SCV  
  134  11:53  SCV  
Show
View Real Time Build Order
Export as new Build Order

Serral Zerg - Winner!

Build Orders: Pool First 

Get SALT Encoding   

  12  0:00  Drone  
  13  0:11  Overlord  
  13  0:16  Drone  
  14  0:30  Drone x2  
  14  0:34  Drone  
  17  0:44  Extractor  
  17  0:45  Drone  
  17  0:50  Spawning Pool  
  17  0:55  Drone  
  17  1:06  Drone  
  18  1:18  Hatchery  
  18  1:22  Drone  
  18  1:38  Roach Warren  
  17  1:41  Zergling x4  
  19  1:50  Queen  
  21  1:58  Overlord  
  20  2:19  Roach x2  
  20  2:21  Roach  
  26  2:30  Roach  
  26  2:32  Roach  
  30  2:42  Roach  
  30  2:53  Roach x2  
  34  3:06  Ravager  
  32  3:15  Overlord  
  32  3:17  Ravager  
  32  3:19  Drone x2  
  35  3:31  Overlord  
  35  3:32  Queen  
  35  3:34  Drone x3  
  40  3:36  Drone  
  41  3:43  Drone  
  41  3:46  Drone  
  43  3:49  Metabolic Boost  
  43  4:04  Overlord  
  43  4:06  Drone x2  
  45  4:11  Overlord  
  45  4:14  Drone  
  46  4:19  Drone  
  47  4:27  Queen  
  49  4:32  Hatchery  
  49  4:34  Drone  
  49  4:36  Drone  
  51  4:38  Drone  
  51  4:45  Lair, Drone  
  51  4:50  Drone x2  
  54  4:53  Drone  
  54  4:56  Drone  
  54  4:58  Drone  
  54  4:59  Drone  
  58  5:05  Zergling x6  
  61  5:10  Queen  
  61  5:11  Zergling x2  
  61  5:13  Zergling x2  
  63  5:15  Zergling x2  
  63  5:20  Extractor  
  63  5:21  Extractor, Drone x2  
  62  5:26  Spore Crawler, Drone  
  64  5:30  Drone  
  64  5:31  Drone x3  
  67  5:38  Overlord  
  67  5:41  Overlord  
  67  5:43  Overseer  
  67  5:45  Queen  
  67  5:49  Overseer  
  69  5:50  Drone  
  69  5:51  Drone  
  69  5:52  Drone  
  69  5:55  Glial Reconstitution  
  71  5:58  Drone  
  71  5:59  Drone  
  71  6:03  Drone  
  71  6:04  Drone x2  
  76  6:08  Overlord  
  76  6:11  Overlord  
  76  6:12  Drone  
  76  6:15  Overlord  
  76  6:16  Drone  
  76  6:18  Drone  
  79  6:24  Drone  
  79  6:25  Drone, Evolution Chamber x2  
  79  6:26  Extractor  
  79  6:29  Ravager x3  
  79  6:30  Drone x2  
  79  6:32  Drone  
  84  6:37  Drone x3  
  87  6:44  Overlord  
  87  6:45  Drone  
  87  6:46  Drone x2  
  90  6:51  Zerg Melee Weapons Level 1  
  90  6:52  Zerg Ground Armor Level 1  
  90  6:54  Drone  
  91  6:57  Drone x5  
  96  7:03  Extractor x2  
  96  7:07  Hatchery  
  93  7:08  Drone  
  93  7:09  Drone  
  95  7:15  Drone  
  95  7:16  Drone, Baneling Nest  
  95  7:17  Infestation Pit  
  95  7:19  Drone  
  95  7:21  Roach x2  
  100  7:24  Roach x2  
  100  7:27  Roach x2  
  108  7:35  Roach x2  
  112  7:37  Overlord  
  112  7:39  Overlord  
  112  7:44  Overlord  
  112  7:48  Roach  
  112  7:50  Overlord  
  110  7:51  Overlord  
  107  7:59  Roach x3  
  107  8:00  Centrifical Hooks, Hive  
  107  8:04  Zergling x14  
  118  8:08  Zergling x6  
  119  8:15  Drone  
  120  8:23  Drone x4  
  124  8:27  Drone x2  
  124  8:30  Zergling x8  
  129  8:36  Overlord  
  129  8:40  Drone x2  
  131  8:42  Extractor  
  131  8:48  Zergling x14  
  135  8:54  Zergling x6  
  137  9:00  Baneling x8  
  137  9:02  Zerg Melee Weapons Level 2, Zerg Ground Armor Level 2  
  137  9:04  Queen  
  137  9:05  Zergling x2  
  137  9:06  Zergling x20  
  137  9:08  Ravager  
  137  9:09  Ravager x3  
  154  9:21  Overlord  
  154  9:22  Viper x3  
  159  9:32  Ultralisk Cavern  
  158  9:38  Overlord  
  158  9:39  Hatchery  
  158  9:40  Baneling x5  
  158  9:41  Zergling x4  
  158  9:42  Zergling x18  
  164  9:51  Baneling x3  
  164  9:54  Baneling x4  
  164  10:00  Overlord x2  
  164  10:01  Overlord x2  
  164  10:09  Overlord  
  163  10:16  Zergling x8  
  163  10:20  Chitinous Plating  
  165  10:22  Ultralisk x3  
  183  10:32  Ultralisk  
  188  10:37  Drone x3  
  188  10:38  Drone x2  
  188  10:40  Spore Crawler  
  188  10:41  Overlord  
  192  10:43  Ultralisk  
  192  10:44  Zergling x2  
  192  10:48  Baneling x5  
  199  11:16  Zergling x10  
  196  11:23  Ravager x6, Baneling x8  
  196  11:24  Baneling  
  193  11:41  Zergling x12  
  194  11:48  Zergling x2  
  194  11:49  Zergling x16  

Tags
 
Add a new tag
Caveats
  • Supply blocks, unpowered buildings, or Contaminate may cause inaccurate times.
  • Supply counts are checked every 10 seconds.